 Dungeon Crawl Stone Soup version 0.24-a0-592-g9a1d66b0e3 (webtiles) character file.

Game seed: 13459410013626856221, levelgen mode: deterministic

26 Peloso the Shield-Bearer (level 2, -1/27 HPs)
             Began as a Minotaur Fighter on Sept 9, 2019.
             Slain by an ogre
             ... wielding a +0 giant spiked club
              (10 damage)
             ... on level 2 of the Dungeon.
             The game lasted 00:02:15 (1182 turns).

Peloso the Shield-Bearer (Minotaur Fighter)         Turns: 1182, Time: 00:02:15

Health: -1/27      AC:  9    Str: 20    XL:     2   Next: 89%
Magic:  1/1        EV:  7    Int:  5    God:
Gold:   62         SH:  9    Dex:  9    Spells: 1/1 levels left

rFire    . . .     SeeInvis .   a - +0 long sword
rCold    . . .     Gourm    .   c - +0 shield
rNeg     . . .     Faith    .   b - +0 scale mail
rPois    +         Spirit   .   (helmet restricted)
rElec    .         Reflect  .   h - +1 cloak {rPois}
rCorr    .         Harm     .   (no gloves)
MR       .....                  (no boots)
Stlth    ..........             (no amulet)
HPRegen  0.09/turn              (no ring)
MPRegen  0.07/turn              (no ring)

@: no status effects
A: retaliatory headbutt, horns 2
a: no special abilities


You were on level 2 of the Dungeon.
You were hungry.

You visited 1 branch of the dungeon, and saw 2 of its levels.

You collected 62 gold pieces.

Inventory:

Hand Weapons
 a - a +0 long sword (weapon)
 g - a +0 hand axe of venom
Armour
 b - a +0 scale mail (worn)
 c - a +0 shield (worn)
 h - a +1 cloak of poison resistance (worn)
Scrolls
 e - a scroll of enchant weapon {unknown}
 j - a scroll of teleportation {unknown}
 k - 3 scrolls of fog {unknown}
 l - a scroll of fear {unknown}
 m - 2 scrolls of identify {unknown}
 p - a scroll of remove curse {unknown}
Potions
 d - 2 potions of might
 i - a potion of invisibility {unknown}
 n - a potion of magic {unknown}
 o - a potion of berserk rage {unknown}
Comestibles
 f - 2 rations


   Skills:
 + Level 4.0 Fighting
 + Level 2.7 Long Blades
 + Level 4.0 Armour
 + Level 4.1 Shields


You had one spell level left.
You didn't know any spells.
Your spell library was empty.

Dungeon Overview and Level Annotations

Branches:
Dungeon (2/15)

Altars:
Uskayaw


Innate Abilities, Weirdness & Mutations

You reflexively headbutt those who attack you in melee.
You have a pair of horns on your head.


Message History

The ogre is moderately wounded.
The ogre closely misses you.
You riposte.
You hit the ogre but do no damage.
You headbutt the ogre, but do no damage.
The ogre is moderately wounded.
You barely miss the ogre.
The ogre is moderately wounded.
You block the ogre's attack.
Your shield and scale mail prevent you from hitting the ogre.
You headbutt the ogre!
The ogre is heavily wounded.
The ogre barely misses you.
A rat comes into view.
You hit the ogre but do no damage.
The ogre is heavily wounded.
The ogre hits you with a +0 giant spiked club!
Ouch! That really hurt!
You hit the ogre but do no damage. You headbutt the ogre.
The ogre is severely wounded.
The ogre hits you with a +0 giant spiked club!
You die...

#.......##......#
#.......##.####.......
#.............#.###.#.
#..8.......8..#.#
#................
#..8.......8.##.#
#.....!)%.....r.#
..8..._...8..#..
.....###@...## #
.#.....†O..##
#.##......# #.
##.....# . .......
#.......# #......<#
#.#####.#


You could see an ogre and a rat.

Vanquished Creatures
  5 giant cockroaches
  3 goblins (D:1)
  2 hobgoblins (D:1)
  6 kobolds
  A ball python (D:2)
  2 bats (D:1)
  A frilled lizard (D:2)
  3 rats
23 creatures vanquished.

Notes
Turn   | Place    | Note
-------+----------+-------------------------------------------
     0 | D:1      | Peloso the Minotaur Fighter began the quest for the Orb.
     0 | D:1      | Reached XP level 1. HP: 19/19 MP: 0/0
   222 | D:1      | Reached XP level 2. HP: 27/27 MP: 1/1
  1158 | D:2      | Found a hide-covered altar of Uskayaw.
  1174 | D:2      | Noticed an ogre
  1182 | D:2      | Slain by an ogre

Levels and vault maps discovered:
D:1:      ebering_trefoil_twist, layout_basic,
          hangedman_abyss_or_decor_lesser_grid
D:2:      layout_loops_cross, eat_drink_and_be_merry_uskayaw,
          makhleb_blood_cavern_becter, first_ration

Skill      XL: |  1  2 |
---------------+-------+-----
Shields        | 4 |  4.1
Fighting       | 4 |  4.0
Armour         | 4 |  4.0
Long Blades    | |  2.7

Action                   || total
-------------------------++-------
Melee: Long sword        ||    60
       Headbutt          ||    14
Armor: Scale mail        ||    26
Dodge: Dodged            ||    13
Block: Shield            ||    24
       Rpst.: Long sword ||     4

Table legend:
 A = Non-vault XP
 B = Vault XP
 C = Vault XP percentage of total XP
 D = Non-vault monster count
 E = Vault monster count
 F = Vault count percentage of total count
                 A         B        C        D         E       F
            +---------+---------+-------+---------+---------+-------
      Total |      38 |       0 |   0.0 |      23 |       0 |   0.0
            +---------+---------+-------+---------+---------+-------
        D:1 |      30 |       0 |   0.0 |      17 |       0 |   0.0
        D:2 |       8 |       0 |   0.0 |       6 |       0 |   0.0
            +---------+---------+-------+---------+---------+-------
